 Dungeon Crawl Stone Soup version 0.22-a0-460-g49b1da7 (webtiles) character file.

6666 protoss039 the Fighter (level 10, 0/100 HPs)
             Began as a Minotaur Fighter on June 10, 2018.
             Was a Priest of Okawaru.
             Slain by an earth elemental (17 damage)
             ... summoned by a deep elf mage
             ... on level 10 of the Dungeon.
             The game lasted 00:22:09 (7392 turns).

protoss039 the Fighter (Minotaur Fighter)           Turns: 7392, Time: 00:22:10

Health: 0/100      AC: 19    Str: 25    XL:     10   Next: 73%
Magic:  11/12      EV:  8    Int:  5    God:    Okawaru [***...]
Gold:   556        SH: 12    Dex:  9    Spells: 9/9 levels left

rFire    . . .     SeeInvis .   a - +0 war axe
rCold    + . .     Gourm    .   c - +0 shield
rNeg     + . .     Faith    .   k - +0 plate armour
rPois    .         Spirit   .   g - +0 hat
rElec    +         Reflect  .   (no cloak)
rCorr    .         Harm     .   y - +1 pair of gloves
MR       .....                  O - +1 pair of boots of Sif Muna's Reproof {*Slow rElec rC+ Regen+}
Stlth    ..........             (no amulet)
HPRegen  0.66/turn              v - ring of positive energy
MPRegen  0.13/turn              (no ring)

@: heroism
A: retaliatory headbutt, horns 2
a: Heroism, Renounce Religion


You were on level 10 of the Dungeon.
You worshipped Okawaru.
Okawaru was most pleased with you.
You were not hungry.

You visited 2 branches of the dungeon, and saw 11 of its levels.

You collected 604 gold pieces.
You spent 48 gold pieces at shops.

Inventory:

Hand Weapons
 a - a +0 war axe (weapon)
Armour
 c - a +0 shield (worn)
 g - a +0 hat (worn)
 k - a +0 plate armour (worn)
 y - a +1 pair of gloves (worn)
 D - a +0 pair of boots
 O - the +1 pair of boots of Sif Muna's Reproof (worn) {*Slow rElec rC+ Regen+}
   (You found it on level 10 of the Dungeon)

   It protects you from cold.
   It insulates you from electricity.
   It increases your rate of regeneration.
   It may slow you when you take damage.
Jewellery
 m - an uncursed ring of magical power
 v - a ring of positive energy (left hand)
 E - an uncursed amulet of regeneration {unknown}
 H - an uncursed amulet of the gourmand {unknown}
 L - a cursed -3 ring of strength {unknown}
 M - an uncursed amulet of rage {unknown}
Wands
 i - a wand of random effects (10)
 z - a wand of digging (11)
 A - a wand of enslavement (8)
 B - a wand of polymorph (1)
Scrolls
 b - 3 scrolls of remove curse
 j - 6 scrolls of teleportation
 l - a scroll of immolation {unknown}
 n - 2 scrolls of enchant weapon {unknown}
 o - a scroll of enchant armour {unknown}
 q - 3 scrolls of noise
 t - 2 scrolls of magic mapping {unknown}
 x - 3 scrolls of amnesia {unknown}
 C - 10 scrolls of identify
 G - a scroll of fog {unknown}
 I - a scroll of fear {unknown}
 K - a scroll of vulnerability {unknown}
 N - a scroll of holy word {unknown}
Potions
 d - 3 potions of might
 e - a potion of magic {unknown}
 h - a potion of degeneration {unknown}
 p - 3 potions of berserk rage
 r - 3 potions of brilliance
 s - 4 potions of agility
 u - 2 potions of flight {unknown}
 w - 5 potions of curing
 F - a potion of haste {unknown}
 J - a potion of cancellation {unknown}
Comestibles
 f - 26 rations


   Skills:
 + Level 12.9(17.9) Fighting
 - Level 12.0(17.0) Axes
 + Level 5.6(10.6) Armour
 + Level 5.6(10.6) Shields
 * Level 4.9 Invocations


You had 9 spell levels left.
You didn't know any spells.
Your spell library contained the following spells:

 Spells                   Type           Power        Failure   Level  Hunger
 Magic Dart               Conj           #...         100%        1    ##.....
 Conjure Flame            Conj/Fire      #.......     100%        3    ####...
 Slow                     Hex            #.......     100%        2    ###....
 Confuse                  Hex            #.......     100%        3    ####...
 Mephitic Cloud           Conj/Pois/Air  #.......     100%        3    ####...
 Summon Small Mammal      Summ           #...         100%        1    ##.....
 Blink                    Tloc           N/A          100%        2    ###....
 Animate Dead             Necr           N/A          100%        4    #####..
 Pain                     Necr           #...         100%        1    ##.....
 Animate Skeleton         Necr           N/A          100%        1    ##.....
 Vampiric Draining        Necr           #.........   100%        3    ####...
 Summon Ice Beast         Ice/Summ       #.......     100%        4    #####..
 Call Imp                 Summ           #.......     100%        2    ###....
 Regeneration             Chrm/Necr      #.........   100%        3    ####...
 Confusing Touch          Hex            #.....       100%        1    ##.....
 Call Canine Familiar     Summ           #.......     100%        3    ####...
 Metabolic Englaciation   Hex/Ice        #.........   100%        5    ######.
 Petrify                  Tmut/Erth      #.......     100%        4    #####..
 Summon Lightning Spire   Summ/Air       #.......     100%        4    #####..
 Summon Guardian Golem    Hex/Summ       #.......     100%        3    ####...
 Gell's Gravitas          Tloc           #.........   100%        3    ####...
 Yara's Violent Unravell  Hex/Tmut       #.........   100%        5    ######.


Dungeon Overview and Level Annotations

Branches:
Dungeon (10/15)            Temple (1/1) D:5            Lair (0/6) D:9
    Orc (0/2) D:10

Altars:
Ashenzari
Cheibriados
Dithmenos
Elyvilon
Fedhas
Gozag
Hepliaklqana
Kikubaaqudgha
Makhleb
Nemelex Xobeh
Okawaru
Qazlal
Ru
Sif Muna
Trog
Uskayaw
Vehumet
Wu Jian
Xom
Yredelemnul
Zin
The Shining One

Shops:
D:5 [   D:9 ?

Annotations:
D:4 2 transporters
D:6 Prince Ribbit


Innate Abilities, Weirdness & Mutations

You reflexively headbutt those who attack you in melee.
You have a pair of horns on your head.


Message History

You slash the earth elemental!
You destroy the earth elemental!
You hit the earth elemental but do no damage.
Unknown command.
The deep elf mage gestures wildly while chanting.
The deep elf mage blinks!
You block the earth elemental's attack. The earth elemental hits you!
* * * LOW HITPOINT WARNING * * *
There is an open door, spattered with blood here.
Unknown command.
Unknown command.
Unknown command.
The deep elf mage barely misses you.
Unknown command.
You hit the deep elf mage.
The deep elf mage is lightly wounded.
You slash the earth elemental!
The deep elf mage mumbles some strange words.
The deep elf mage blinks!
The earth elemental hits you!
You die...

###### ###....#
#...ยง..# ######
#.e8@..# ...#.#
#..E...## .#.#.#
######E##..# .#...#
###...#...#..#
.#######...###._.#..#
.....##..### #...#..#
.#####..## #####..#
.#...'.## ##.##
.###.### #..#


You could see 2 earth elementals and a deep elf mage.

Vanquished Creatures
  A two-headed ogre (D:8)
  A deep elf mage (D:10)
  A gargoyle (D:10)
  A troll (D:9)
  A hippogriff (D:8)
  5 yaks
  A vampire (D:10)
  Eustachio (D:6)
  A hungry ghost (D:7)
  Menkaure (D:7)
  2 orc warriors
  2 ice beasts
  A necrophage (D:7)
  2 black bears (D:6)
  3 phantoms
  A sky beast (D:9)
  4 ogres
  4 centaurs
  4 big kobolds
  A bullfrog (D:8)
  A gnoll sergeant (D:9)
  A scorpion (D:9)
  5 howler monkeys
  4 crimson imps
  2 quasits
  2 centaur zombies
  3 orc priests
  7 hounds
  6 orc wizards
  4 iguanas
  2 jellies
  Natasha (D:4)
  5 worker ants
  A worker ant zombie (D:8)
  7 gnolls
  11 adders
  2 shadow imps
  4 oozes
  An adder zombie (D:6)
  An adder skeleton (D:5)
  5 worms
  3 dart slugs
  5 leopard geckos
  24 orcs
  4 ball pythons
  6 giant cockroaches
  13 goblins
  8 hobgoblins
  16 jackals
  8 quokkas
  A ball python skeleton (D:4)
  13 bats
  4 frilled lizards
  17 kobolds
  A quokka zombie (D:7)
  7 rats
243 creatures vanquished.

Notes
Turn   | Place    | Note
-------+----------+-------------------------------------------
     0 | D:1      | protoss039 the Minotaur Fighter began the quest for the Orb.
     0 | D:1      | Reached XP level 1. HP: 19/19 MP: 0/0
    98 | D:1      | Reached XP level 2. HP: 27/27 MP: 1/1
   301 | D:1      | Reached XP level 3. HP: 34/34 MP: 2/2
   309 | D:1      | Found a blossoming altar of Fedhas.
   857 | D:2      | Found a stormy altar of Qazlal.
   858 | D:2      | Noticed an earth elemental
   861 | D:2      | Noticed an air elemental
   870 | D:2      | Noticed a fire elemental
   878 | D:2      | Noticed a water elemental
   894 | D:2      | Reached XP level 4. HP: 41/41 MP: 3/3
   923 | D:2      | Reached skill level 5 in Fighting
  1579 | D:3      | Found a white marble altar of Elyvilon.
  1582 | D:3      | Found a bloodstained altar of Trog.
  1701 | D:3      | Reached XP level 5. HP: 45/48 MP: 4/4
  2365 | D:4      | Reached skill level 5 in Axes
  2439 | D:4      | Found a transporter.
  2561 | D:4      | Noticed Natasha
  2573 | D:4      | Killed Natasha
  2652 | D:4      | Noticed an ogre
  2662 | D:4      | Killed an ogre
  2662 | D:4      | Reached XP level 6. HP: 46/58 MP: 5/5
  2681 | D:4      | Found a transporter.
  2831 | D:5      | Entered Level 5 of the Dungeon
  2844 | D:5      | Noticed a yak
  3088 | D:5      | Killed a yak
  3088 | D:5      | Reached XP level 7. HP: 46/66 MP: 6/6
  3315 | D:5      | Found a staircase to the Ecumenical Temple.
  3323 | Temple   | Entered the Ecumenical Temple
  3493 | D:5      | Reached XP level 8. HP: 58/77 MP: 7/7
  3536 | D:5      | Found Comoul's Antique Armour Boutique.
  3795 | D:6      | Found a shattered altar of Ashenzari.
  4240 | D:6      | Noticed Eustachio
  4285 | D:6      | Killed Eustachio
  4285 | D:6      | Reached skill level 10 in Fighting
  4295 | D:6      | Reached skill level 10 in Axes
  4461 | D:6      | Reached XP level 9. HP: 86/86 MP: 8/8
  4477 | D:6      | Noticed Prince Ribbit
  4733 | D:7      | Noticed Menkaure
  5266 | D:7      | Killed Menkaure
  5515 | D:8      | Found a snail-covered altar of Cheibriados.
  5518 | D:8      | Found a burning altar of Makhleb.
  5529 | D:8      | Found an iron altar of Okawaru.
  5530 | D:8      | Found a blossoming altar of Fedhas.
  5530 | D:8      | Found an ornate altar of the Wu Jian Council.
  5532 | D:8      | Became a worshipper of Warmaster Okawaru
  5534 | D:8      | Found an ancient bone altar of Kikubaaqudgha.
  5536 | D:8      | Found a shimmering altar of Xom.
  5538 | D:8      | Found a glowing golden altar of the Shining One.
  5706 | D:8      | Noticed a two-headed ogre
  5712 | D:8      | Killed a two-headed ogre
  5712 | D:8      | Reached * piety under Okawaru
  5851 | D:8      | Reached XP level 10. HP: 94/98 MP: 9/9
  5889 | D:8      | Reached ** piety under Okawaru
  5889 | D:8      | Reached skill level 1 in Invocations
  6217 | D:9      | Found a staircase to the Lair.
  6434 | D:9      | Found a sparkling altar of Nemelex Xobeh.
  6434 | D:9      | Found an opulent altar of Gozag.
  6545 | D:9      | Found Toruhy's Magic Scroll Shop.
  6553 | D:9      | Bought a scroll of identify for 24 gold pieces
  6553 | D:9      | Bought a scroll of identify for 24 gold pieces
  6709 | D:10     | Entered Level 10 of the Dungeon
  6714 | D:10     | Got a pair of warped boots
  6746 | D:10     | Identified the +1 pair of boots of Sif Muna's Reproof {*Slow rElec rC+ Regen+} (You found it on level 10 of the Dungeon)
  6978 | D:10     | Reached skill level 5 in Armour
  6993 | D:10     | Reached *** piety under Okawaru
  6993 | D:10     | Reached skill level 5 in Shields
  7085 | D:10     | Found a staircase to the Orcish Mines.
  7309 | D:10     | Noticed a gargoyle
  7322 | D:10     | Killed a gargoyle
  7368 | D:10     | Found a white marble altar of Elyvilon.
  7368 | D:10     | Noticed a deep elf mage
  7371 | D:10     | Noticed a deep elf mage
  7382 | D:10     | Killed a deep elf mage
  7392 | D:10     | Slain by an earth elemental

Vault maps used:
D:1:      dpeg_arrival_renting, serial_corexii_hall, corexii_hall_statues_l,
          corexii_hall_statues_i, minmay_hexomino_r4
D:2:      nicolae_qazlal_style_of_elements
D:3:      nicolae_overflow_hidden_temple, st_stairs_6
D:4:      gammafunk_steamed_eel, first_ration, uniq_natasha
D:5:      cheibrodos_fzero, temple_doors_e, serial_shops,
          nicolae_shop_window_shopping
D:6:      nicolae_ashenzari_panopticon, uniq_prince_ribbit1, uniq_eustachio
D:7:      uniq_menkaure
D:8:      minitemple, grunt_ogre_cave
D:9:      grunt_temple_overflow_opulence, lair_entry_dummy, serial_shops, shop,
          minmay_unpleasant_kobolds
D:10:     david_orc_2, david_defended_altar_elf
Temple:   cyrus_temple_forest

Skill      XL: |  1  2  3  4  5  6  7  8  9 10 |
---------------+-------------------------------+-----
Fighting       | 4 5 6 7 8 10 12 | 12.9
Axes           | 3 4 5 7 8 10 12 | 12.0
Invocations    | 4 |  4.9
Armour         | 5 |  5.6
Shields        | 5 |  5.6

Action                   |  1- 3 |  4- 6 |  7- 9 | 10-12 || total
-------------------------+-------+-------+-------+-------++-------
Melee: War axe           |    94 |   190 |   258 |   189 ||   731
       Headbutt          |    15 |    27 |    53 |    39 ||   134
Invok: Heroism           |       |       |       |     2 ||     2
  Use: Scroll            |       |       |     8 |       ||     8
       Potion            |       |       |       |     1 ||     1
  Eat: Chunk             |       |     7 |    11 |     5 ||    23
Armor: Scale mail        |    38 |       |       |       ||    38
       Plate armour      |    26 |   122 |   127 |   142 ||   417
       Skin              |       |       |    16 |       ||    16
Dodge: Dodged            |    20 |    34 |    33 |    25 ||   112
Block: Shield            |    62 |    94 |   116 |    99 ||   371

Table legend:
 A = Spawn XP
 B = Non-spawn XP
 C = Spawn XP percentage of total XP
 D = Spawn monster count
 E = Non-spawn monster count
 F = Spawn count percentage of total count
 G = Total turns spent on level
                    A         B        C        D         E        F      G
               +---------+---------+-------+---------+---------+-------+---------
         Total |       0 |    9524 |   0.0 |       0 |     243 |   0.0 |  7392
               +---------+---------+-------+---------+---------+-------+---------
           D:1 |       0 |      70 |   0.0 |       0 |      36 |   0.0 |   740
           D:2 |       0 |      93 |   0.0 |       0 |      30 |   0.0 |   639
           D:3 |       0 |      69 |   0.0 |       0 |      29 |   0.0 |   944
           D:4 |       0 |     376 |   0.0 |       0 |      11 |   0.0 |   734
           D:5 |       0 |     928 |   0.0 |       0 |      23 |   0.0 |   596
           D:6 |       0 |    1418 |   0.0 |       0 |      28 |   0.0 |  1147
           D:7 |       0 |    1221 |   0.0 |       0 |      22 |   0.0 |   628
           D:8 |       0 |    1673 |   0.0 |       0 |      15 |   0.0 |   673
           D:9 |       0 |    1228 |   0.0 |       0 |      19 |   0.0 |   524
          D:10 |       0 |    2448 |   0.0 |       0 |      30 |   0.0 |   683
               +---------+---------+-------+---------+---------+-------+---------
